 Dungeon Crawl Stone Soup version 0.32-a0-131-g9dbbe29261 (webtiles) character file.

Game seed: 17067949678993846800

114 Ceno the Chiller (level 4, 0/36 HPs)
             Began as a Naga Ice Elementalist on Feb 9, 2024.
             Slain by a gnoll
             ... wielding a +0 club
              (7 damage)
             ... on level 3 of the Dungeon.
             The game lasted 00:05:39 (2154 turns).

Ceno the Chiller (Naga Ice Elementalist)            Turns: 2154, Time: 00:05:41

Health: 0/36       AC:  7    Str: 10    XL:     4   Next: 97%
Magic:  4/9        EV:  8    Int: 18    God:
Gold:   162        SH:  0    Dex: 11    Spells: 3/10 levels left

rFire   . . .        o - +0 trident
rCold   . . .        (no shield)
rNeg    . . .        m - +0 ring mail
rPois   +            l - +0 helmet
rElec   .            j - scarf {+Inv}
rCorr   .            (no gloves)
SInv    +            (no barding)
Will    .....        (no amulet)
Stlth   ++           (no ring)
HPRegen 0.26/turn    (no ring)
MPRegen 0.11/turn

%: no passive effects
@: ice-armoured, short of breath, very slow
A: AC +1, large, see invisible, deformed body, poison resistance, slowness 2,
spit poison 1, naga tail 1
a: Spit Poison, Evoke Invisibility


You were on level 3 of the Dungeon.
You visited 1 branch of the dungeon, and saw 3 of its levels.

You collected 162 gold pieces.

Inventory:

Hand Weapons
 o - a +0 trident (weapon)
Missiles
 q - 5 stones
Armour
 a - a +0 robe
 j - a scarf of invisibility (worn)
 l - a +0 helmet (worn)
 m - a +0 ring mail (worn)
 n - a +0 buckler
Scrolls
 d - a scroll of fear {unknown}
 e - 2 scrolls of teleportation {unknown}
 f - a scroll of enchant armour {unknown}
 g - a scroll of poison
 h - a scroll of blinking {unknown}
 i - a scroll of immolation {unknown}
Potions
 b - 2 potions of magic
 c - a potion of might
 k - a potion of lignification
 p - a potion of curing {unknown}


   Skills:
 - Level 1.5 Dodging
 + Level 4.5 Stealth
 * Level 3.5 Spellcasting
 + Level 4.6 Ice Magic


You had 3 spell levels left.
You knew the following spells:

 Your Spells              Type           Power      Damage    Failure   Level
a - Freeze                Ice            76%        1d8       6%          1
b - Frozen Ramparts       Ice            38%        1d6       19%         3
c - Ozocubu's Armour      Ice            19%        N/A       19%         3

Your spell library contained the following spells:

 Spells                   Type           Power      Damage    Failure   Level
 Summon Ice Beast         Ice/Summ       11%        N/A       43%         3


Dungeon Overview and Level Annotations

Branches:
Dungeon (3/15)

Altars:

Shops:
D:1 ?

Annotations:
D:2 Natasha


Innate Abilities, Weirdness & Mutations

Your serpentine skin is tough. (AC +1)
You have supernaturally acute eyesight. (SInv)
Armour fits poorly on your strangely shaped body.
Your system is resistant to poisons. (rPois)
You cover ground very slowly.
You can spit poison.
You have a snake-like lower body.


Message History

Casting: Frozen Ramparts (quite dangerous; 19% risk of failure)
Confirm with . or Enter, or press ? or * to list all spells.
A film of ice covers your body!
You reach to attack!
You hit the gnoll.
The gnoll is lightly wounded.
You have got your breath back.
The wall freezes the gnoll.
You hit the gnoll but do no damage.
The gnoll is heavily wounded.
The wall freezes the gnoll.
The gnoll hits you but does no damage.
The wall freezes the gnoll.
The wall freezes the gnoll but does no damage.
The wall freezes the gnoll.
The gnoll hits you with a +0 whip.
The wall freezes the gnoll.
You puncture the gnoll!
You kill the gnoll!
The frozen ramparts melt away.
The gnoll hits you with a +0 flail!
You hit the gnoll.
The gnoll is severely wounded.
The gnoll hits you with a +0 flail. The gnoll hits you but does no damage.
You hit the gnoll.
The gnoll is almost dead.
The gnoll completely misses you. The gnoll hits you with a +0 club. x2
The gnoll hits you but does no damage.
You are too injured to fight recklessly!
You closely miss the gnoll. The gnoll hits you with a +0 flail.
* * * LOW HITPOINT WARNING * * *
The gnoll hits you with a +0 club.
* * * LOW HITPOINT WARNING * * *
You completely miss the gnoll. The gnoll hits you but does no damage.
The gnoll hits you with a +0 club.
* * * LOW HITPOINT WARNING * * *
Unknown command.
Aiming: Spit Poison (1% risk of failure)
Press: ? - help, Shift-Dir - straight line, f - gnoll
Aim: a gnoll, wielding a +0 club (65% to hit)
The splash of poison hits the gnoll.
The gnoll is poisoned.
The gnoll is moderately wounded.
The gnoll hits you with a +0 club!
You die...

###.##.######.### ..
................ ......
........#.##... ......#
........#.##..# #.....
........#.##..###..# #
........#.##.......# .#
........#......##.##..###
................gg.......
######.##.##.#.#@.##..####
######.##.................
......................###
#########.####......†....#
#.# ###..##...... #.# #..#
.###.# #.# #..# # # #.#
#.... #.# ##.###


You could see 2 gnolls.

Vanquished Creatures
  Jessica (D:2)
  Robin (D:2)
  2 gnolls (D:3)
  An adder (D:2)
  5 ball pythons (D:1)
  4 bats
  3 endoplasms (D:1)
  A giant cockroach (D:1)
  7 goblins
  5 hobgoblins (D:2)
  3 kobolds
  3 quokkas
  6 frilled lizards
  6 rats
48 creatures vanquished.

Notes
Turn   | Place    | Note
-------+----------+-------------------------------------------
     0 | D:1      | Ceno the Naga Ice Elementalist began the quest for the Orb.
     0 | D:1      | Reached XP level 1. HP: 15/15 MP: 3/3
   299 | D:1      | Reached XP level 2. HP: 22/22 MP: 5/5
   787 | D:1      | Found Adyxipra's Magic Scroll Shop.
   859 | D:1      | Reached XP level 3. HP: 28/28 MP: 5/7
   863 | D:1      | Learned a level 3 spell: Frozen Ramparts
   867 | D:1      | Learned a level 3 spell: Ozocubu's Armour
  1009 | D:2      | Noticed Jessica
  1021 | D:2      | Killed Jessica
  1127 | D:2      | Reached XP level 4. HP: 36/36 MP: 3/8
  1173 | D:2      | Found a faded altar of an unknown god.
  1343 | D:2      | Noticed Natasha
  1366 | D:2      | Noticed Robin
  1382 | D:2      | Killed Robin
  2154 | D:3      | Slain by a gnoll

Illustrated notes

Levels and vault maps discovered:
D:1:      erik_arrival_blinker_ship, layout_basic, serial_bayou,
          serial_bayou_pond_e, serial_bayou_lagoon_a, serial_bayou_lake_a,
          serial_bayou_lagoon_b, serial_shops, shop, minmay_tromino_i2
D:2:      layout_basic, ebering_ecumenical_altar_rust, uniq_jessica, uniq_robin,
          uniq_natasha
D:3:      layout_basic, gammafunk_temple_overflow_wave, st_stairs_12

Skill      XL: |  1  2  3 |
---------------+----------+-----
Stealth        | 4 |  4.5
Spellcasting   | 3 |  3.5
Dodging        | |  1.5
Ice Magic      | |  4.6

Action                     |  1- 3 |  4- 6 || total
---------------------------+-------+-------++-------
  Melee: Unarmed           |     2 |     4 ||     6
         Trident           |       |     8 ||     8
         Punch             |       |     1 ||     1
   Cast: Freeze            |    18 |     2 ||    20
         Frozen Ramparts   |     2 |     6 ||     8
         Ozocubu's Armour  |     1 |     1 ||     2
Ability: Spit Poison       |    24 |     9 ||    33
    Use: Scroll            |       |     3 ||     3
         Potion            |       |     1 ||     1
   Stab: Distracted        |       |     1 ||     1
 Armour: Robe              |     8 |    10 ||    18
         Ring mail         |       |    13 ||    13
  Dodge: Dodged            |     5 |     2 ||     7

Table legend: (Time is in decaauts)
 A = Elapsed time spent in this place.
 B = Non-inter-level travel time spent in this place.
 C = Inter-level travel time spent in this place.
 D = Time resting spent in this place.
 E = Time spent auto-exploring this place.
 F = Levels seen in this place.
 G = Mean time per level.
                   A        B        C        D        E       F      G
               +--------+--------+--------+--------+--------+-----+--------+
         Total |   2788 |   2714 |     74 |    199 |   1865 |   3 |  929.3 |
       Dungeon |   2788 |   2714 |     74 |    199 |   1865 |   3 |  929.3 |
               +--------+--------+--------+--------+--------+-----+--------+

Top non-repeatable levels by time:
     D:1: 1391 daAuts
     D:2: 1316 daAuts
     D:3: 81 daAuts
